 Dungeon Crawl Stone Soup version 0.19-a0-1907-gcff654f (webtiles) character file.

106 LORDOFBUTT the Shield-Bearer (level 5, -5/42 HPs)
             Began as a Formicid Fighter on Oct 23, 2016.
             Slain by a gnoll
             ... wielding a +0 spear
              (6 damage)
             ... on level 2 of the Dungeon.
             The game lasted 00:02:11 (1948 turns).

LORDOFBUTT the Shield-Bearer (Formicid Fighter)     Turns: 1948, Time: 00:02:11

Health: -5/42      AC:  7    Str: 25    XL:     5   Next: 10%
Magic:  5/5        EV:  9    Int:  8    God:
Gold:   70         SH: 10    Dex: 11    Spells: 0 memorised, 4 levels left

rFire  . . .     SeeInvis +     a - +0 war axe
rCold  . . .     Gourm    .     b - +0 scale mail
rNeg   . . .     Faith    .     c - +0 shield
rPois  .         Spirit   .     (helmet unavailable)
rElec  .         Reflect  .     (no cloak)
rCorr  .         Harm     .     (no gloves)
MR     .....                    (no boots)
Stlth  ..........               (no amulet)
                                (no ring)
                                (no ring)

@: mighty
A: permanent stasis, dig shafts and tunnels, four strong arms, antennae 3
a: Dig, Shaft Self


You were on level 2 of the Dungeon.
You were not hungry.

You visited 1 branch of the dungeon, and saw 2 of its levels.

You collected 70 gold pieces.

Inventory:

Hand Weapons
 a - a +0 war axe (weapon)
Armour
 b - a +0 scale mail (worn)
 c - a +0 shield (worn)
Wands
 k - a wand of disintegration (13/24)
Scrolls
 e - 2 scrolls of teleportation {unknown}
 i - a scroll of enchant weapon {unknown}
Potions
 g - 3 potions of heal wounds {unknown}
 j - a potion of curing
 n - a potion of cure mutation {unknown}
Comestibles
 f - a bread ration
 h - a beef jerky
 l - a meat ration


   Skills:
 + Level 3.7 Fighting
 + Level 2.6 Axes
 + Level 3.9 Armour
 + Level 1.1 Dodging
 + Level 4.9 Shields


You had 4 spell levels left.
You didn't know any spells.

Dungeon Overview and Level Annotations

Branches:
Dungeon (2/15)

Altars:


Innate Abilities, Weirdness & Mutations

You are under a permanent stasis effect.
You can dig through walls and to a lower floor.
Your four strong arms can wield two-handed weapons with a shield.
You have a pair of large antennae on your head. (SInv)


Message History

You are too injured to fight recklessly!
You feel very mighty all of a sudden. The gnoll barely misses you.
The gnoll hits you from afar with a spear.
* * * LOW HITPOINT WARNING * * *
You slash the gnoll!
The gnoll is almost dead.
The gnoll drinks a potion.
The gnoll is healed!
The gnoll hits you from afar with a spear.
* * * LOW HITPOINT WARNING * * *
The gnoll barely misses you.
Your shield and scale mail prevent you from hitting the gnoll.
The gnoll is moderately wounded.
The gnoll barely misses you. The gnoll hits you with a spear.
* * * LOW HITPOINT WARNING * * *
You slice the gnoll!!
You kill the gnoll!
You have reached level 5!
The gnoll hits you from afar with a spear.
You die...

#.#
#.#...#
#.....
..
#.#####
#.....
#.#
#####.
#.# #.
#.# #.
#.# #.
#.# #.
#.# #.
#@# #.
#)# ##
#g# .r.
#.# #..
#.# #.#


You could see a gnoll and a rat.

Vanquished Creatures
  2 adders (D:2)
  2 gnolls (D:2)
  An ooze (D:1)
  A worm (D:2)
  3 dart slugs (D:1)
  3 leopard geckos
  A giant cockroach (D:1)
  4 goblins
  7 hobgoblins
  9 jackals
  6 bats
  3 frilled lizards
  5 kobolds (D:1)
  5 rats
52 creatures vanquished.

Notes
Turn   | Place    | Note
-------+----------+-------------------------------------------
     0 | D:1      | LORDOFBUTT the Formicid Fighter began the quest for the Orb.
     0 | D:1      | Reached XP level 1. HP: 18/18 MP: 1/1
    30 | D:1      | Reached XP level 2. HP: 14/24 MP: 2/2
    32 | D:1      | Reached skill level 4 in Shields
   309 | D:1      | Reached XP level 3. HP: 29/29 MP: 3/3
  1069 | D:2      | Reached XP level 4. HP: 34/35 MP: 4/4
  1655 | D:2      | Reached skill level 1 in Dodging
  1947 | D:2      | HP: 1/37 [gnoll/spear (4)]
  1948 | D:2      | Reached XP level 5. HP: 1/42 MP: 5/5
  1948 | D:2      | Slain by a gnoll

Vault maps used:
D:1:      dpeg_arrival_oval, minmay_misc_feat_room
D:2:      uniq_sigmund

Skill      XL: |  1  2  3  4 |
---------------+-------------+-----
Shields        | 4 |  4.9
Dodging        | 1 |  1.1
Fighting       | |  3.7
Axes           | |  2.6
Armour         | |  3.9

Action                   |  1- 3 |  4- 6 || total
-------------------------+-------+-------++-------
Melee: War axe           |    96 |    87 ||   183
  Use: Scroll            |     5 |       ||     5
       Potion            |     2 |     1 ||     3
  Eat: Beef jerky        |     1 |       ||     1
       Chunk             |       |     2 ||     2
Armor: Scale mail        |    66 |    41 ||   107
Dodge: Dodged            |    43 |    41 ||    84
Block: Shield            |    76 |    67 ||   143
